 Dungeon Crawl Stone Soup version 0.29-a0-997-gf6f7e2dfe7 (webtiles) character file.

Game seed: 16933505912442383298

1167 Nyth the Poker (level 8, 0/68 HPs)
             Began as a Minotaur Berserker on Aug 4, 2022.
             Was a Believer of Trog.
             Slain by an iguana (7 damage)
             ... on level 5 of the Dungeon.
             The game lasted 00:29:14 (4936 turns).

Nyth the Poker (Minotaur Berserker)                 Turns: 4936, Time: 00:29:15

Health: 0/68       AC: 11    Str: 23    XL:     8   Next: 17%
Magic:  7/7        EV:  9    Int:  4    God:    Trog [**....]
Gold:   221        SH:  0    Dex: 11    Spells: 7/7 levels left

rFire   x . .      SeeInvis .   c - +0 glaive
rCold   + . .      Faith    .   (shield currently unavailable)
rNeg    . . .      Spirit   .   b - +0 chain mail
rPois   .          Reflect  .   (helmet restricted)
rElec   .          Harm     .   (no cloak)
rCorr   .          Rampage  .   C - +0 pair of gloves
Will    .....                   (no boots)
Stlth   ..........              (no amulet)
HPRegen 0.21/turn               g - ring of ice
MPRegen 0.10/turn               B - ring of flight

@: on berserk cooldown, flying, slowed, very slow
A: horns 2, retaliatory headbutt
a: Renounce Religion, Berserk, Trog's Hand


You were on level 5 of the Dungeon.
You worshipped Trog.
Trog was pleased with you.
You visited 2 branches of the dungeon, and saw 6 of its levels.

You collected 221 gold pieces.

Inventory:

Hand Weapons
 a - a +0 falchion
 c - a +0 glaive (weapon)
 l - a +5 vampiric dagger
Missiles
 r - a throwing net
Armour
 b - a +0 chain mail (worn)
 C - a +0 pair of gloves (worn)
Magical Staves
 u - a staff of death
Jewellery
 g - a ring of ice (left hand)
 y - a ring of willpower
 B - a ring of flight (right hand)
Wands
 s - a wand of iceblast (5)
Scrolls
 d - a scroll of enchant armour {unknown}
 f - a scroll of noise {unknown}
 k - 2 scrolls of teleportation
 n - a scroll of torment {unknown}
 o - a scroll of fog {unknown}
 p - a scroll of enchant weapon {unknown}
 w - a scroll of magic mapping
 A - 2 scrolls of fear {unknown}
Potions
 e - a potion of curing {unknown}
 h - 2 potions of attraction {unknown}
 i - 2 potions of degeneration {unknown}
 j - a potion of haste {unknown}
 m - 2 potions of brilliance {unknown}
 q - a potion of mutation {unknown}
 t - 2 potions of might {unknown}


   Skills:
 + Level 5.3 Fighting
 * Level 6.8 Long Blades
 * Level 7.3 Polearms
 + Level 5.4 Armour
 + Level 3.1 Dodging
 + Level 0.1 Stealth


You had 7 spell levels left.
You didn't know any spells.
Your spell library contained the following spells:

 Spells                   Type           Power      Damage    Failure   Level
 Slow                     Hex            0%         N/A       99%         1
 Confusing Touch          Hex            0%         N/A       100%        3
 Conjure Flame            Conj/Fire      0%         6-21      100%        3
 Ignite Poison            Fire/Tmut/Pois 0%         N/A       100%        3
 Summon Guardian Golem    Hex/Summ       0%         N/A       100%        3
 Vampiric Draining        Necr           0%         2d6       100%        3
 Sticky Flame             Conj/Fire      0%         2d3       100%        4
 Orb of Destruction       Conj           0%         9d5       100%        7
 Spellforged Servitor     Conj/Summ      0%         N/A       100%        7


Dungeon Overview and Level Annotations

Branches:
Dungeon (5/15)             Temple (1/1) D:5

Altars:
Ashenzari
Fedhas
Gozag
Makhleb
Nemelex Xobeh
Okawaru
Qazlal
Ru
Sif Muna
Trog
Uskayaw
Vehumet
Wu Jian
The Shining One

Annotations:
D:5 Menkaure


Innate Abilities, Weirdness & Mutations

You have a pair of horns on your head.
You reflexively headbutt those who attack you in melee.


Message History

You headbutt the white imp, but do no damage.
The white imp is almost dead.
A centaur comes into view.
The white imp misses you.
The white imp hits you but does no damage.
The white imp gestures at you. The puff of frost hits you. You resist.
You barely miss the white imp. You headbutt the white imp.
The white imp is almost dead.
The white imp gestures at you.
The puff of frost hits you but does no damage.
The white imp barely misses you.
You slash the white imp!
You kill the white imp!
Trog accepts your kill.
The centaur wields a +0 shortbow.
The centaur shoots an arrow.
The arrow hits you but does no damage.
The centaur shoots an arrow.
The arrow barely misses you.
The centaur shoots an arrow.
The arrow hits you!
* * * LOW HITPOINT WARNING * * *
The centaur unwields a +0 shortbow.
The centaur hits you.
* * * LOW HITPOINT WARNING * * *
The centaur kicks you but does no damage.
You see here 5 stones.
You slice the centaur!!
You kill the centaur!
Trog accepts your kill.
Your life force feels restored.
You start resting.
An iguana comes into view.
An iguana is nearby!
An iguana comes into view.
The iguana hisses angrily.
You hit the iguana.
The iguana is lightly wounded.
The iguana barely misses you. The iguana bites you!
* * * LOW HITPOINT WARNING * * *
You barely miss the iguana.
The iguana is lightly wounded.
The iguana bites you!
You die...

..... .....
..... .....
# ..... ##
.. ....! .
.# .....
.#..#.
###......
#@l.# #.###
####.#
#..(.#
#.##)# #.
....
#....⌠...
#..#...~~~l
#..##!..~~~


You could see an iguana.

Vanquished Creatures
  Pikel (D:5)
  2 black bears (D:4)
  A centaur (D:5)
  A lemure (D:5)
  A phantom (D:4)
  A jelly (D:4)
  2 iguanas (D:5)
  Ijyb (D:4)
  5 gnolls
  7 adders
  2 white imps
  An ufetubus (D:4)
  A worm (D:3)
  2 dart slugs (D:1)
  5 orcs
  9 ball pythons
  6 bats
  11 endoplasms
  4 giant cockroaches
  12 hobgoblins
  2 jackals (D:1)
  7 kobolds
  5 quokkas
  3 frilled lizards
  2 goblins
  4 rats
98 creatures vanquished.

Notes
Turn   | Place    | Note
-------+----------+-------------------------------------------
     0 | D:1      | Nyth the Minotaur Berserker began the quest for the Orb.
     0 | D:1      | Reached XP level 1. HP: 19/19 MP: 0/0
   141 | D:1      | Reached XP level 2. HP: 25/27 MP: 1/1
   778 | D:1      | Reached XP level 3. HP: 30/33 MP: 2/2
  1597 | D:2      | Reached XP level 4. HP: 41/41 MP: 3/3
  1599 | D:2      | Reached ** piety under Trog
  1785 | D:2      | Reached skill level 5 in Long Blades
  2201 | D:3      | Found a faded altar of an unknown god.
  2790 | D:3      | Found a broken altar of Ashenzari.
  2792 | D:3      | Found a burning altar of Makhleb.
  3124 | D:3      | Reached XP level 5. HP: 44/47 MP: 4/4
  3397 | D:4      | Noticed Ijyb
  3403 | D:4      | Paralysed by Ijyb for 5 turns
  3410 | D:4      | Killed Ijyb
  3446 | D:4      | Noticed a black bear
  3451 | D:4      | Reached skill level 1 in Polearms
  3455 | D:4      | Killed a black bear
  3456 | D:4      | Reached skill level 2 in Polearms
  3456 | D:4      | Reached XP level 6. HP: 55/55 MP: 5/5
  3504 | D:4      | Reached skill level 5 in Fighting
  4030 | D:4      | Reached skill level 3 in Polearms
  4136 | D:4      | Reached skill level 4 in Polearms
  4136 | D:4      | Reached XP level 7. HP: 61/61 MP: 6/6
  4369 | D:5      | Entered Level 5 of the Dungeon
  4369 | D:5      | Found a radiant altar of Vehumet.
  4412 | D:5      | Noticed Pikel
  4431 | D:5      | Killed Pikel
  4432 | D:5      | Reached skill level 6 in Polearms
  4432 | D:5      | Reached skill level 5 in Armour
  4432 | D:5      | Reached XP level 8. HP: 51/68 MP: 7/7
  4731 | D:5      | Reached skill level 7 in Polearms
  4735 | D:5      | Found a staircase to the Ecumenical Temple.
  4764 | Temple   | Entered the Ecumenical Temple
  4903 | D:5      | Noticed Menkaure
  4936 | D:5      | Slain by an iguana

Illustrated notes

Levels and vault maps discovered:
D:1:      eino_arrival_druids_welcome, layout_basic
D:2:      layout_basic, minmay_tetromino_i4
D:3:      minmay_razor_zed, layout_loops_corners, nicolae_overflow_squiral,
          ebering_ecumenical_altar_rust
D:4:      layout_rooms, uniq_ijyb
D:5:      layout_basic, kiku_gazebo_pond_becter, mainiacjoe_overflow_chevrons,
          dk_yredelemnul_ordeal, overflow_temple_1_default,
          minmay_temple_entry_purple_smoke, hangedman_decor_clover_reticule,
          uniq_pikel, uniq_menkaure
Temple:   hellmonk_temple_of_storms

Skill      XL: |  1  2  3  4  5  6  7  8 |
---------------+-------------------------+-----
Fighting       | 4 5 |  5.3
Long Blades    | 4 5 6 |  6.8
Armour         | 3 4 5 |  5.4
Polearms       | 2 4 6 7 |  7.3
Dodging        | 3 |  3.1
Stealth        | |  0.1

Action                   |  1- 3 |  4- 6 |  7- 9 || total
-------------------------+-------+-------+-------++-------
Melee: Falchion          |    83 |    58 |       ||   141
       Headbutt          |    16 |    16 |     7 ||    39
       Glaive            |       |    58 |    33 ||    91
Invok: Berserk           |     5 |     3 |     2 ||    10
       Trog's Hand       |       |     1 |     1 ||     2
Evoke: Wand              |       |     2 |       ||     2
  Use: Scroll            |     2 |       |     1 ||     3
Armor: Ring mail         |    45 |     9 |       ||    54
       Scale mail        |       |    15 |       ||    15
       Chain mail        |       |    79 |    13 ||    92
Dodge: Dodged            |    60 |   104 |    12 ||   176

Table legend: (Time is in decaauts)
 A = Elapsed time spent in this place.
 B = Non-inter-level travel time spent in this place.
 C = Inter-level travel time spent in this place.
 D = Time resting spent in this place.
 E = Time spent auto-exploring this place.
 F = Levels seen in this place.
 G = Mean time per level.
                   A        B        C        D        E       F      G
               +--------+--------+--------+--------+--------+-----+--------+
         Total |   5092 |   5040 |     52 |   1385 |   2037 |   6 |  848.7 |
       Dungeon |   4962 |   4910 |     52 |   1385 |   2037 |   5 |  992.4 |
        Temple |    129 |    129 |      0 |      0 |      0 |   1 |  129.0 |
               +--------+--------+--------+--------+--------+-----+--------+

Top non-repeatable levels by time:
     D:3: 1345 daAuts
     D:1: 1131 daAuts
     D:2: 1012 daAuts
     D:4: 1008 daAuts
     D:5: 464 daAuts
  Temple: 129 daAuts
